Workbook
Name ÉServiço: [3]BM!$E1<>""
Name Excel_BuiltIn_Database: #REF!
Name Excel_BuiltIn_Print_Area_1_1: #REF!
Name Excel_BuiltIn_Print_Area_1_1_1: #REF!
Name Excel_BuiltIn_Print_Area_1_1_1_1: #REF!
Name Excel_BuiltIn_Print_Area_1_1_1_1_1: #REF!
Name Excel_BuiltIn_Print_Area_1_9: #REF!
Name Excel_BuiltIn_Print_Area_2_1: #REF!
Name Excel_BuiltIn_Print_Area_8_1_1_1: #REF!
Name Excel_BuiltIn_Print_Area_9: #REF!
Name Excel_BuiltIn_Print_Area_9_1: #REF!
Name Excel_BuiltIn_Print_Titles_1_1: #REF!
Name Excel_BuiltIn_Print_Titles_2: #REF!
Name Excel_BuiltIn_Print_Titles_9: #REF!
Name RegimeExecucao: IF(OR([3]DADOS!$A$33="Empreitada Preço Global",[3]DADOS!$A$33="Empreitada Integral"),"Global","Unitário")

Sheet PLANILHA ORÇAMENTÁRIA
A1: MUNICíPIO DE IGARATINGA
A2: PLANILHA ORÇAMENTÁRIA DE CUSTOS
A3: PREFEITURA MUNICIPAL DE IGARATINGA | F3: DATA: 10/11/2025 | H3: FOLHAS: 03
A4: OBRA: Construção do Centro de Apoio a Zoonoses
A5: LOCAL: Parque de exposições, zona rural do Município de Igaratinga-MG. | F5: FORMA DE EXECUÇÃO: | H5: BDI | I5: 0.2431
A6: REFERÊNCIA: Seinfra 07/2025; Sudecap 07/2025 - Sem Desoneração | F6: DIRETA | G6: ( )
A7: PRAZO DE EXECUÇÃO: 4 meses | F7: INDIRETA | G7: ( X )
A8: ITEM | B8: FONTE | C8: CÓDIGO | D8: DESCRIÇÃO | E8: UNID. | F8: QUANT. | G8: PREÇO UNITÁRIO S/ BDI | H8: CUSTO UNITÁRIO C/ BDI | I8: CUSTO TOTAL
A9: SERVIÇOS PRELIMINARES | G9: SUBTOTAL: | I9: =SUM(I10:I11) -> 5497.44
A10: 1 | B10: SEINFRA | C10: ED-16660 | D10: FORNECIMENTO E COLOCAÇÃO DE PLACA DE OBRA EM CHAPA GALVANIZADA #26, ESP. 0,45 MM, PLOTADA COM ADESIVO VINÍLICO, AFIXADA COM REBITES 4,8X40 MM, EM ESTRUTURA METÁLICA DE METALON 20X20 MM, ESP. 1,25 MM, INCLUSIVE SUPORTE EM EUCALIPTO AUTOCLAVADO PINTADO COM TINTA PVA DUAS (2) DEMÃOS | E10: m² | F10: 2.88 | G10: 257.01 | H10: =ROUND((G10)+(G10*$I$5),2) -> 319.49 | I10: =ROUND(F10*H10,2) -> 920.13
A11: 2 | B11: SEINFRA | C11: ED-17989 | D11: LOCAÇÃO DE OBRA COM GABARITO DE TÁBUAS CORRIDAS PONTALETADAS A CADA 2,00M, REAPROVEITAMENTO (2X), INCLUSIVE ACOMPANHAMENTO DE EQUIPE TOPOGRÁFICA PARA MARCAÇÃO DE PONTO TOPOGRÁFICO | E11: m | F11: 58.28 | G11: 63.18 | H11: =ROUND((G11)+(G11*$I$5),2) -> 78.54 | I11: =ROUND(F11*H11,2) -> 4577.31
A12: FUNDAÇÃO | G12: SUBTOTAL: | I12: =SUM(I13:I20) -> 9128.94
A13: 3 | B13: SEINFRA | C13: ED-29801 | D13: PERFURAÇÃO MANUAL DE ESTACA TIPO BROCA A TRADO, INCLUSIVE AFASTAMENTO, EXCLUSIVE ARMAÇÃO, CONCRETO ESTRUTURAL, TRANSPORTE E RETIRADA DO MATERIAL ESCAVADO | E13: m³ | F13: 1.27 | G13: 251.88 | H13: =ROUND((G13)+(G13*$I$5),2) -> 313.11 | I13: =ROUND(F13*H13,2) -> 397.65
A14: 4 | B14: SEINFRA | C14: ED-29551 | D14: CORTE, DOBRA E MONTAGEM DE AÇO CA-50, DIÂMETRO 10MM, INCLUSIVE ESPAÇADOR | E14: kg | F14: 44.42 | G14: 14.31 | H14: =ROUND((G14)+(G14*$I$5),2) -> 17.79 | I14: =ROUND(F14*H14,2) -> 790.23
A15: 5 | B15: SEINFRA | C15: ED-29548 | D15: CORTE, DOBRA E MONTAGEM DE AÇO CA-60, DIÂMETRO 5MM, INCLUSIVE ESPAÇADOR | E15: kg | F15: 9.15 | G15: 13.97 | H15: =ROUND((G15)+(G15*$I$5),2) -> 17.37 | I15: =ROUND(F15*H15,2) -> 158.94
A16: 6 | B16: SEINFRA | C16: ED-49786 | D16: FORNECIMENTO DE CONCRETO ESTRUTURAL, PREPARADO EM OBRA COM BETONEIRA, COM FCK 20MPA, INCLUSIVE LANÇAMENTO, ADENSAMENTO E ACABAMENTO (FUNDAÇÃO) | E16: m³ | F16: 1.27 | G16: 732.21 | H16: =ROUND((G16)+(G16*$I$5),2) -> 910.21 | I16: =ROUND(F16*H16,2) -> 1155.97
A17: 7 | B17: SEINFRA | C17: ED-51107 | D17: ESCAVAÇÃO MANUAL DE VALA COM PROFUNDIDADE MENOR OU IGUAL A 1,5M, INCLUSIVE DESCARGA LATERAL | E17: m³ | F17: 2.85 | G17: 77.29 | H17: =ROUND((G17)+(G17*$I$5),2) -> 96.08 | I17: =ROUND(F17*H17,2) -> 273.83
A18: 8 | B18: SEINFRA | C18: ED-29551 | D18: CORTE, DOBRA E MONTAGEM DE AÇO CA-50, DIÂMETRO 10MM, INCLUSIVE ESPAÇADOR | E18: kg | F18: 175.89 | G18: 14.31 | H18: =ROUND((G18)+(G18*$I$5),2) -> 17.79 | I18: =ROUND(F18*H18,2) -> 3129.08
A19: 9 | B19: SEINFRA | C19: ED-29548 | D19: CORTE, DOBRA E MONTAGEM DE AÇO CA-60, DIÂMETRO 5MM, INCLUSIVE ESPAÇADOR | E19: kg | F19: 36.22 | G19: 13.97 | H19: =ROUND((G19)+(G19*$I$5),2) -> 17.37 | I19: =ROUND(F19*H19,2) -> 629.14
A20: 10 | B20: SEINFRA | C20: ED-49786 | D20: FORNECIMENTO DE CONCRETO ESTRUTURAL, PREPARADO EM OBRA COM BETONEIRA, COM FCK 20MPA, INCLUSIVE LANÇAMENTO, ADENSAMENTO E ACABAMENTO (FUNDAÇÃO) | E20: m³ | F20: 2.85 | G20: 732.21 | H20: =ROUND((G20)+(G20*$I$5),2) -> 910.21 | I20: =ROUND(F20*H20,2) -> 2594.1
A21: ESTRUTURA | G21: SUBTOTAL: | I21: =SUM(I22:I25) -> 4118.42
A22: 11 | B22: SEINFRA | C22: ED-31567 | D22: FÔRMA E DESFORMA PARA PILAR DE MADEIRA COM TÁBUA E SARRAFO, REAPROVEITAMENTO (3X), EXCLUSIVE ESCORAMENTO | E22: m² | F22: 11.31 | G22: 96.5 | H22: =ROUND((G22)+(G22*$I$5),2) -> 119.96 | I22: =ROUND(F22*H22,2) -> 1356.75
A23: 12 | B23: SEINFRA | C23: ED-29551 | D23: CORTE, DOBRA E MONTAGEM DE AÇO CA-50, DIÂMETRO 10MM, INCLUSIVE ESPAÇADOR | E23: kg | F23: 93.04 | G23: 14.31 | H23: =ROUND((G23)+(G23*$I$5),2) -> 17.79 | I23: =ROUND(F23*H23,2) -> 1655.18
A24: 13 | B24: SEINFRA | C24: ED-29548 | D24: CORTE, DOBRA E MONTAGEM DE AÇO CA-60, DIÂMETRO 5MM, INCLUSIVE ESPAÇADOR | E24: kg | F24: 19.16 | G24: 13.97 | H24: =ROUND((G24)+(G24*$I$5),2) -> 17.37 | I24: =ROUND(F24*H24,2) -> 332.81
A25: 14 | B25: SEINFRA | C25: ED-49786 | D25: FORNECIMENTO DE CONCRETO ESTRUTURAL, PREPARADO EM OBRA COM BETONEIRA, COM FCK 20MPA, INCLUSIVE LANÇAMENTO, ADENSAMENTO E ACABAMENTO (FUNDAÇÃO) | E25: m³ | F25: 0.85 | G25: 732.21 | H25: =ROUND((G25)+(G25*$I$5),2) -> 910.21 | I25: =ROUND(F25*H25,2) -> 773.68
A26: PISOS E CONTRAPISOS | G26: SUBTOTAL: | I26: =SUM(I27:I30) -> 34997.73
A27: 15 | B27: SEINFRA | C27: ED-49812 | D27: LASTRO DE CONCRETO MAGRO, INCLUSIVE TRANSPORTE, LANÇAMENTO E ADENSAMENTO | E27: m³ | F27: 0.5 | G27: 574.62 | H27: =ROUND((G27)+(G27*$I$5),2) -> 714.31 | I27: =ROUND(F27*H27,2) -> 357.16
A28: 16 | B28: SEINFRA | C28: ED-50569 | D28: CONTRAPISO DESEMPENADO COM ARGAMASSA, TRAÇO 1:3 (CIMENTO E AREIA), ESP. 50MM, INCLUSIVE ARGAMASSA COM PREPARO MECANIZADO | E28: m² | F28: 411.3 | G28: 63.65 | H28: =ROUND((G28)+(G28*$I$5),2) -> 79.12 | I28: =ROUND(F28*H28,2) -> 32542.06
A29: 17 | B29: SEINFRA | C29: ED-50542 | D29: REVESTIMENTO COM CERÂMICA APLICADO EM PISO, ACABAMENTO ESMALTADO, AMBIENTE INTERNO, PADRÃO EXTRA, DIMENSÃO DA PEÇA ATÉ 2025 CM2, PEI V, ASSENTAMENTO COM ARGAMASSA INDUSTRIALIZADA, INCLUSIVE REJUNTAMENTO | E29: m² | F29: 16.66 | G29: 83.49 | H29: =ROUND((G29)+(G29*$I$5),2) -> 103.79 | I29: =ROUND(F29*H29,2) -> 1729.14
A30: 18 | B30: SEINFRA | C30: ED-50771 | D30: RODAPÉ COM REVESTIMENTO EM CERÂMICA ESMALTADA COMERCIAL, ALTURA 10CM, PEI IV, ASSENTAMENTO COM ARGAMASSA INDUSTRIALIZADA, INCLUSIVE REJUNTAMENTO | E30: m | F30: 23.1 | G30: 12.86 | H30: =ROUND((G30)+(G30*$I$5),2) -> 15.99 | I30: =ROUND(F30*H30,2) -> 369.37
A31: VEDAÇÕES E REVESTIMENTOS | G31: SUBTOTAL: | I31: =SUM(I32:I38) -> 47917.19
A32: 19 | B32: SEINFRA | C32: ED-48231 | D32: ALVENARIA DE VEDAÇÃO COM TIJOLO CERÂMICO FURADO, ESP. 9CM, PARA REVESTIMENTO, INCLUSIVE ARGAMASSA PARA ASSENTAMENTO | E32: m² | F32: 60.11 | G32: 58.69 | H32: =ROUND((G32)+(G32*$I$5),2) -> 72.96 | I32: =ROUND(F32*H32,2) -> 4385.63
A33: 20 | B33: SEINFRA | C33: ED-50727 | D33: CHAPISCO COM ARGAMASSA, TRAÇO 1:3 (CIMENTO E AREIA), ESP. 5MM, APLICADO EM ALVENARIA/ESTRUTURA DE CONCRETO COM COLHER, INCLUSIVE ARGAMASSA COM PREPARO MECANIZADO | E33: m² | F33: 101.92 | G33: 10.01 | H33: =ROUND((G33)+(G33*$I$5),2) -> 12.44 | I33: =ROUND(F33*H33,2) -> 1267.88
A34: 21 | B34: SEINFRA | C34: ED-50761 | D34: REBOCO COM ARGAMASSA, TRAÇO 1:2:8 (CIMENTO, CAL E AREIA), ESP. 20MM, APLICAÇÃO MANUAL, INCLUSIVE ARGAMASSA COM PREPARO MECANIZADO, EXCLUSIVE CHAPISCO | E34: m² | F34: 101.92 | G34: 38.66 | H34: =ROUND((G34)+(G34*$I$5),2) -> 48.06 | I34: =ROUND(F34*H34,2) -> 4898.28
A35: 22 | B35: SEINFRA | C35: ED-50514 | D35: PREPARAÇÃO PARA EMASSAMENTO OU PINTURA (LÁTEX/ACRÍLICA) EM PAREDE, INCLUSIVE UMA (1) DEMÃO DE SELADOR ACRÍLICO | E35: m² | F35: 101.92 | G35: 7.62 | H35: =ROUND((G35)+(G35*$I$5),2) -> 9.47 | I35: =ROUND(F35*H35,2) -> 965.18
A36: 23 | B36: SEINFRA | C36: ED-50451 | D36: PINTURA ACRÍLICA EM PAREDE, DUAS (2) DEMÃOS, COM APLICAÇÃO MANUAL, EXCLUSIVE SELADOR ACRÍLICO E MASSA ACRÍLICA/CORRIDA (PVA) | E36: m² | F36: 101.92 | G36: 16.34 | H36: =ROUND((G36)+(G36*$I$5),2) -> 20.31 | I36: =ROUND(F36*H36,2) -> 2070
A37: 24 | B37: - | C37: COMP-001 | D37: MURO EM PLACA DE CONCRETO PRÉ-MOLDADA, COM H=1,80 (4 PLACAS), INCLUINDO POSTES DE FIXAÇÃO, TRANSPORTE E INSTALAÇÃO | E37: m | F37: 89.14 | G37: 140.27 | H37: =ROUND((G37)+(G37*$I$5),2) -> 174.37 | I37: =ROUND(F37*H37,2) -> 15543.34
A38: 25 | B38: SEINFRA | C38: ED-48386 | D38: CERCA DE MOURÃO H = 2,80 M - MOURÃO PRÉ-FABRICADO DE CONCRETO PONTA VIRADA A CADA 2,50 M, 3 FIOS DE ARAME FARPADO E TELA GALVANIZADA # 2" FIO 12, INCLUSIVE FUNDAÇÃO | E38: m | F38: 47.45 | G38: 318.5 | H38: =ROUND((G38)+(G38*$I$5),2) -> 395.93 | I38: =ROUND(F38*H38,2) -> 18786.88
A39: COBERTURA | G39: SUBTOTAL: | I39: =SUM(I40:I44) -> 61220.48
A40: 26 | B40: SEINFRA | C40: ED-20603 | D40: FORNECIMENTO DE ESTRUTURA METÁLICA E ENGRADAMENTO METÁLICO, EM AÇO, PARA TELHADO, EXCLUSIVE TELHA, INCLUSIVE FABRICAÇÃO, TRANSPORTE, MONTAGEM E APLICAÇÃO DE FUNDO PREPARADOR ANTICORROSIVO EM SUPERFÍCIE METÁLICA, UMA (1) DEMÃO | E40: kg | F40: 927.39 | G40: 23.7 | H40: =ROUND((G40)+(G40*$I$5),2) -> 29.46 | I40: =ROUND(F40*H40,2) -> 27320.91
A41: 27 | B41: SEINFRA | C41: ED-50495 | D41: PINTURA ESMALTE BASE SOLVENTE EM SUPERFÍCIES METÁLICAS, DUAS (2) DEMÃOS, COM APLICAÇÃO MANUAL, INCLUSIVE UMA (1) DEMÃO DE FUNDO ANTICORROSIVO | E41: m² | F41: 47.12 | G41: 35.45 | H41: =ROUND((G41)+(G41*$I$5),2) -> 44.07 | I41: =ROUND(F41*H41,2) -> 2076.58
A42: 28 | B42: SEINFRA | C42: ED-48429 | D42: COBERTURA EM TELHA METÁLICA GALVANIZADA TRAPEZOIDAL, TIPO DUPLA TERMOACÚSTICA COM DUAS FACES TRAPEZOIDAIS, ESP. 0,43MM, PREENCHIMENTO EM POLIESTIRENO EXPANDIDO/ISOPOR COM ESP. 30MM, ACABAMENTO NATURAL, INCLUSIVE ACESSÓRIOS PARA FIXAÇÃO, FORNECIMENTO E INSTALAÇÃO | E42: m² | F42: 136.75 | G42: 162.48 | H42: =ROUND((G42)+(G42*$I$5),2) -> 201.98 | I42: =ROUND(F42*H42,2) -> 27620.77
A43: 29 | B43: SEINFRA | C43: ED-50678 | D43: RUFO E CONTRARRUFO EM CHAPA GALVANIZADA, ESP. 0,65MM (GSG-24), COM DESENVOLVIMENTO DE 33CM, INCLUSIVE IÇAMENTO MANUAL VERTICAL | E43: m | F43: 36.96 | G43: 48.95 | H43: =ROUND((G43)+(G43*$I$5),2) -> 60.85 | I43: =ROUND(F43*H43,2) -> 2249.02
A44: 30 | B44: - | C44: COMP-002 | D44: CHUMBAMENTO EM PISO PARA TUBO DE AÇO COM SEÇÃO REDONDA OU QUADRADA, DIMENSÃO DA SEÇÃO TRANSVERSAL DE ATÉ 4" (100MM), EM CONCRETO NÃO ESTRUTURAL, PREPARADO EM OBRA COM BETONEIRA, COM FCK 15MPA, INCLUSIVE ESCAVAÇÃO E TRANSPORTE COM RETIRADA DO MATERIAL ESCAVADO (EM CAÇAMBA) | E44: m | F44: 20 | G44: 78.56 | H44: =ROUND((G44)+(G44*$I$5),2) -> 97.66 | I44: =ROUND(F44*H44,2) -> 1953.2
A45: HIDROSSANITÁRIO | G45: SUBTOTAL: | I45: =SUM(I46:I54) -> 17903.45
A46: 31 | B46: SEINFRA | C46: ED-50221 | D46: PONTO DE EMBUTIR PARA ÁGUA FRIA EM TUBO PVC RÍGIDO SOLDÁVEL, DN 20MM (1/2"), EMBUTIDO NA ALVENARIA COM DISTÂNCIA DE ATÉ CINCO (5) METROS DA TOMADA DE ÁGUA, INCLUSIVE CONEXÕES E FIXAÇÃO DO TUBO COM ENCHIMENTO DO RASGO NA ALVENARIA/CONCRETO COM ARGAMASSA | E46: un | F46: 3 | G46: 148.05 | H46: =ROUND((G46)+(G46*$I$5),2) -> 184.04 | I46: =ROUND(F46*H46,2) -> 552.12
A47: 32 | B47: SEINFRA | C47: ED-48552 | D47: CANALETA PARA DRENAGEM, PRÉ-MOLDADA, TIPO MEIA CANA, DIÂMETRO 30CM, EXCLUSIVE TAMPA, INCLUSIVE ASSENTAMENTO EM ARGAMASSA, TRAÇO 1:3 (CIMENTO E AREIA), ESCAVAÇÃO, TRANSPORTE E RETIRADA DO MATERIAL ESCAVADO (EM CAÇAMBA) | E47: m | F47: 41.82 | G47: 104.79 | H47: =ROUND((G47)+(G47*$I$5),2) -> 130.26 | I47: =ROUND(F47*H47,2) -> 5447.47
A48: 33 | B48: SEINFRA | C48: ED-49170 | D48: CAIXA DE PASSAGEM EM ALVENARIA E TAMPA DE CONCRETO, FUNDO DE BRITA, TIPO 1, DIMENSÃO (50X50X60)CM, INCLUSIVE ESCAVAÇÃO, REATERRO E BOTA-FORA | E48: un | F48: 1 | G48: 459.35 | H48: =ROUND((G48)+(G48*$I$5),2) -> 571.02 | I48: =ROUND(F48*H48,2) -> 571.02
A49: 34 | B49: SEINFRA | C49: ED-50030 | D49: FORNECIMENTO E ASSENTAMENTO DE TUBO PVC RÍGIDO, ESGOTO, PBV - SÉRIE NORMAL, DN 150 MM (6"), INCLUSIVE CONEXÕES | E49: m | F49: 21.35 | G49: 64.76 | H49: =ROUND((G49)+(G49*$I$5),2) -> 80.5 | I49: =ROUND(F49*H49,2) -> 1718.68
A50: 35 | B50: SEINFRA | C50: ED-50020 | D50: FORNECIMENTO E ASSENTAMENTO DE TUBO PVC RÍGIDO SOLDÁVEL, ÁGUA FRIA, DN 32 MM (1") , INCLUSIVE CONEXÕES | E50: m | F50: 211.71 | G50: 31.95 | H50: =ROUND((G50)+(G50*$I$5),2) -> 39.72 | I50: =ROUND(F50*H50,2) -> 8409.12
A51: 36 | B51: SEINFRA | C51: ED-50323 | D51: TORNEIRA METÁLICA PARA IRRIGAÇÃO/JARDIM, ACABAMENTO CROMADO, APLICAÇÃO DE PAREDE | E51: un | F51: 3 | G51: 65.78 | H51: =ROUND((G51)+(G51*$I$5),2) -> 81.77 | I51: =ROUND(F51*H51,2) -> 245.31
A52: 37 | B52: SEINFRA | C52: ED-50001 | D52: REGISTRO DE ESFERA, TIPO PVC SOLDÁVEL DN 32MM (1"), INCLUSIVE VOLANTE PARA ACIONAMENTO | E52: un | F52: 1 | G52: 36.24 | H52: =ROUND((G52)+(G52*$I$5),2) -> 45.05 | I52: =ROUND(F52*H52,2) -> 45.05
A53: 38 | B53: SEINFRA | C53: ED-51107 | D53: ESCAVAÇÃO MANUAL DE VALA COM PROFUNDIDADE MENOR OU IGUAL A 1,5M, INCLUSIVE DESCARGA LATERAL | E53: m³ | F53: 4.76 | G53: 77.29 | H53: =ROUND((G53)+(G53*$I$5),2) -> 96.08 | I53: =ROUND(F53*H53,2) -> 457.34
A54: 39 | B54: SEINFRA | C54: ED-51120 | D54: REATERRO MANUAL DE VALA, INCLUSIVE ESPALHAMENTO E COMPACTAÇÃO MANUAL COM SOQUETE | E54: m³ | F54: 4.76 | G54: 77.29 | H54: =ROUND((G54)+(G54*$I$5),2) -> 96.08 | I54: =ROUND(F54*H54,2) -> 457.34
A55: ELÉTRICO | G55: SUBTOTAL: | I55: =SUM(I56:I65) -> 22933.01
A56: 40 | B56: SEINFRA | C56: ED-50232 | D56: PONTO DE EMBUTIR PARA UMA (1) TOMADA PADRÃO, TRÊS (3) POLOS (2P+T/10A-250V), COM PLACA 4"X2" DE UM (1) POSTO, COM ELETRODUTO FLEXÍVEL CORRUGADO, ANTI-CHAMA, DN 25MM (3/4"), EMBUTIDO NA ALVENARIA E CABO DE COBRE FLEXÍVEL, CLASSE 5, ISOLAMENTO TIPO LSHF/ATOX, NÃO HALOGENADO, SEÇÃO 2,5MM2 (70°C-450/750V), COM DISTÂNCIA DE ATÉ DEZ (10) METROS DO PONTO DE DERIVAÇÃO, INCLUSIVE CAIXA DE LIGAÇÃO, SUPORTE E FIXAÇÃO DO ELETRODUTO COM ENCHIMENTO DO RASGO NA ALVENARIA/CONCRETO COM ARGAMASSA | E56: un | F56: 6 | G56: 303.5 | H56: =ROUND((G56)+(G56*$I$5),2) -> 377.28 | I56: =ROUND(F56*H56,2) -> 2263.68
A57: 41 | B57: SEINFRA | C57: ED-50227 | D57: PONTO DE EMBUTIR PARA UM (1) INTERRUPTOR SIMPLES (10A-250V), COM PLACA 4"X2" DE UM (1) POSTO, COM ELETRODUTO FLEXÍVEL CORRUGADO, ANTI-CHAMA, DN 25MM (3/4"), EMBUTIDO NA ALVENARIA E CABO DE COBRE FLEXÍVEL, CLASSE 5, ISOLAMENTO TIPO LSHF/ATOX, NÃO HALOGENADO, SEÇÃO 1,5MM2 (70°C-450/750V), COM DISTÂNCIA DE ATÉ DEZ (10) METROS DO PONTO DE DERIVAÇÃO, INCLUSIVE CAIXA DE LIGAÇÃO, SUPORTE E FIXAÇÃO DO ELETRODUTO COM ENCHIMENTO DO RASGO NA ALVENARIA/CONCRETO COM ARGAMASSA | E57: un | F57: 3 | G57: 259.25 | H57: =ROUND((G57)+(G57*$I$5),2) -> 322.27 | I57: =ROUND(F57*H57,2) -> 966.81
A58: 42 | B58: SEINFRA | C58: ED-50228 | D58: PONTO DE EMBUTIR PARA UMA (1) LUMINÁRIA,COM ELETRODUTO DE PVC RÍGIDO ROSCÁVEL, DN 20MM (3/4"), EMBUTIDO NA LAJE E CABO DE COBRE FLEXÍVEL, CLASSE 5, ISOLAMENTO TIPO LSHF/ATOX, NÃO HALOGENADO, SEÇÃO 1,5MM2 (70°C-450/750V), COM DISTÂNCIA DE ATÉ CINCO (5) METROS DO PONTO DE DERIVAÇÃO, EXCLUSIVE LUMINÁRIA, INCLUSIVE CAIXA DE LIGAÇÃO OCTOGONAL, SUPORTE E FIXAÇÃO DO ELETRODUTO | E58: un | F58: 4 | G58: 153.86 | H58: =ROUND((G58)+(G58*$I$5),2) -> 191.26 | I58: =ROUND(F58*H58,2) -> 765.04
A59: 43 | B59: SEINFRA | C59: ED-13344 | D59: LÂMPADA LED, BASE E27, POTÊNCIA DE 20W, BULBO A70, TEMPERATURA DA COR 6500K, TENSÃO 110-127V, EXCLUSIVE LUMINÁRIA | E59: un | F59: 2 | G59: 18.21 | H59: =ROUND((G59)+(G59*$I$5),2) -> 22.64 | I59: =ROUND(F59*H59,2) -> 45.28
A60: 44 | B60: SEINFRA | C60: ED-22350 | D60: REFLETOR DE LED, POTÊNCIA DE 200W, EXCLUSIVE SUPORTE E POSTE | E60: un | F60: 2 | G60: 107.61 | H60: =ROUND((G60)+(G60*$I$5),2) -> 133.77 | I60: =ROUND(F60*H60,2) -> 267.54
A61: 45 | B61: SEINFRA | C61: ED-48961 | D61: CABO ISOLADO DE COBRE FLEXÍVEL, CLASSE 5, ISOLAMENTO TIPO LSHF/ATOX, NÃO HALOGENADO E ANTICHAMA, DIÂMETRO DA SEÇÃO DE 6MM2, TEMPERATURA DE TRABALHO 70°C, TENSÃO NOMINAL DE OPERAÇÃO 450/750V | E61: m | F61: 162.08 | G61: 8.79 | H61: =ROUND((G61)+(G61*$I$5),2) -> 10.93 | I61: =ROUND(F61*H61,2) -> 1771.53
A62: 46 | B62: SEINFRA | C62: ED-48966 | D62: CABO ISOLADO DE COBRE FLEXÍVEL, CLASSE 5, ISOLAMENTO TIPO LSHF/ATOX, NÃO HALOGENADO E ANTICHAMA, DIÂMETRO DA SEÇÃO DE 10MM2, TEMPERATURA DE TRABALHO 70°C, TENSÃO NOMINAL DE OPERAÇÃO 450/750V | E62: m | F62: 324.16 | G62: 15.33 | H62: =ROUND((G62)+(G62*$I$5),2) -> 19.06 | I62: =ROUND(F62*H62,2) -> 6178.49
A63: 47 | B63: SEINFRA | C63: ED-49319 | D63: ELETRODUTO DE AÇO GALVANIZADO MÉDIO, DIÂMETRO DE 32MM (1.1/4"), INCLUSIVE ACESSÓRIOS PARA FIXAÇÃO E CONEXÕES | E63: m | F63: 162.08 | G63: 51.63 | H63: =ROUND((G63)+(G63*$I$5),2) -> 64.18 | I63: =ROUND(F63*H63,2) -> 10402.29
A64: 48 | B64: SEINFRA | C64: ED-14177 | D64: QUADRO DE DISTRIBUIÇÃO DE EMBUTIR EM PVC PARA 4 DISJUNTORES DIN, INCLUSIVE BARRAMENTOS NEUTRO/TERRA, EXCLUSIVE BARRAMENTO DE FASE | E64: un | F64: 1 | G64: 88.17 | H64: =ROUND((G64)+(G64*$I$5),2) -> 109.6 | I64: =ROUND(F64*H64,2) -> 109.6
A65: 49 | B65: SEINFRA | C65: ED-34476 | D65: DISJUNTOR BIPOLAR TIPO DIN, CORRENTE NOMINAL DE 25A, FORNECIMENTO E INSTALAÇÃO, INCLUSIVE TERMINAL ILHÓS | E65: un | F65: 3 | G65: 43.64 | H65: =ROUND((G65)+(G65*$I$5),2) -> 54.25 | I65: =ROUND(F65*H65,2) -> 162.75
A66: ESQUADRIAS | G66: SUBTOTAL: | I66: =SUM(I67:I73) -> 15170.93
A67: 50 | B67: SEINFRA | C67: ED-26408 | D67: PORTA PARA ALAMBRADO, COM UMA (1) FOLHA, DIMENSÃO (90X210)CM, EM TELA DE ARAME GALVANIZADO COM TRAMA LOSANGULAR DE 2" (50,8MM) E FIO BWG12 (2,77MM), EXCLUSIVE PINTURA, INCLUSIVE FIXAÇÃO E FORNECIMENTO EM QUADROS DE TUBOS DE AÇO CARBONO GALVANIZADO DIÂMETRO DE 50MM (2"), BATENTE, DOBRADIÇAS E CADEADO COM LARGURA DE 50MM | E67: un | F67: 2 | G67: 944.45 | H67: =ROUND((G67)+(G67*$I$5),2) -> 1174.05 | I67: =ROUND(F67*H67,2) -> 2348.1
A68: 51 | B68: SEINFRA | C68: ED-50986 | D68: PORTÃO EM TUBO DE AÇO GALVANIZADO COM COSTURA, DIÂMETRO DE 1.1/2" (38,1MM), ESP. 2MM, COM TELA QUADRICULADA ONDULADA, TRAMA DE 1/2" (12,70MM), FIO 12 (2,77MM), EXCLUSIVE CADEADO E PINTURA | E68: m² | F68: 12.6 | G68: 605.58 | H68: =ROUND((G68)+(G68*$I$5),2) -> 752.8 | I68: =ROUND(F68*H68,2) -> 9485.28
A69: 52 | B69: SEINFRA | C69: ED-50496 | D69: PINTURA ESMALTE BASE SOLVENTE EM TUBO GALVANIZADO, DUAS (2) DEMÃOS, COM APLICAÇÃO MANUAL, INCLUSIVE UMA (1) DEMÃO DE FUNDO ANTICORROSIVO | E69: m | F69: 57 | G69: 10.51 | H69: =ROUND((G69)+(G69*$I$5),2) -> 13.06 | I69: =ROUND(F69*H69,2) -> 744.42
A70: 53 | B70: SEINFRA | C70: ED-23034 | D70: PORTA METÁLICA, TIPO DE ABRIR, COM UMA (1) FOLHA, EM CHAPA GALVANIZADA LAMBRIL, MODELO QUADRADO, INCLUSIVE PINTURA ANTICORROSIVA A BASE DE ÓXIDO DE FERRO (ZARCÃO), UMA (1) DEMÃO, FORNECIMENTO E ASSENTAMENTO, EXCLUSIVE FECHADURA E DOBRADIÇA | E70: m² | F70: 2.94 | G70: 425.83 | H70: =ROUND((G70)+(G70*$I$5),2) -> 529.35 | I70: =ROUND(F70*H70,2) -> 1556.29
A71: 54 | B71: SEINFRA | C71: ED-50495 | D71: PINTURA ESMALTE BASE SOLVENTE EM SUPERFÍCIES METÁLICAS, DUAS (2) DEMÃOS, COM APLICAÇÃO MANUAL, INCLUSIVE UMA (1) DEMÃO DE FUNDO ANTICORROSIVO | E71: m² | F71: 5.88 | G71: 35.45 | H71: =ROUND((G71)+(G71*$I$5),2) -> 44.07 | I71: =ROUND(F71*H71,2) -> 259.13
A72: 55 | B72: SUDECAP | C72: 13.01.04 | D72: JANELAS DE ALUMÍNIO DE CORRER, 4 FOLHAS, COM VIDROS, BATENTES E FERRAGENS, SEM CONTRA MARCO REF 94573 | E72: m² | F72: 2 | G72: 267.53 | H72: =ROUND((G72)+(G72*$I$5),2) -> 332.57 | I72: =ROUND(F72*H72,2) -> 665.14
A73: 56 | B73: SEINFRA | C73: ED-50997 | D73: PEITORIL DE GRANITO, NA COR CINZA ANDORINHA, COM PINGADEIRA, ESP. 2CM, ACABAMENTO POLIDO, ASSENTAMENTO COM ARGAMASSA INDUSTRIALIZADA, INCLUSIVE REJUNTAMENTO | E73: m² | F73: 0.3 | G73: 301.84 | H73: =ROUND((G73)+(G73*$I$5),2) -> 375.22 | I73: =ROUND(F73*H73,2) -> 112.57
A74: FINAIS | G74: SUBTOTAL: | I74: =I75 -> 4328.84
A75: 57 | B75: SEINFRA | C75: ED-50266 | D75: LIMPEZA FINAL PARA ENTREGA DA OBRA | E75: m² | F75: 418.65 | G75: 8.32 | H75: =ROUND((G75)+(G75*$I$5),2) -> 10.34 | I75: =ROUND(F75*H75,2) -> 4328.84
A76: VALOR TOTAL | G76: =SUM(I9+I12+I21+I26+I31+I39+I45+I55+I66+I74) -> 223216.43
A77: Flávio Lucas Greco Santos CREA-MG 64.880/D

Sheet CRONOGRAMA FF
A1: MUNICÍPIO DE IGARATINGA
A2: CRONOGRAMA FÍSICO-FINANCEIRO
A3: ='PLANILHA ORÇAMENTÁRIA'!A3:E3 -> PREFEITURA MUNICIPAL DE IGARATINGA | E3: DATA: 13/11/2025 | G3: FOLHA Nº: 01/01
A4: OBRA: Construção do Centro de Apoio a Zoonoses
A5: LOCAL: Parque de exposições, zona rural do Município de Igaratinga-MG. | E5: PREVISÃO DE EXECUÇÃO DAS OBRAS: 4 MESES
A6: ETAPAS/DESCRIÇÃO | C6: FÍSICO/ FINANCEIRO | D6: TOTAL ETAPAS | E6: MÊS 1 | F6: MÊS 2 | G6: MÊS 3 | H6: MÊS 4
A7: ='PLANILHA ORÇAMENTÁRIA'!A9 -> SERVIÇOS PRELIMINARES | C7: Físico % | D7: =D8/$D$28 -> 0.024628295 | E7: 1
C8: Financeiro | D8: ='PLANILHA ORÇAMENTÁRIA'!I9 -> 5497.44 | E8: =E7*$D$8 -> 5497.44
A9: ='PLANILHA ORÇAMENTÁRIA'!A12 -> FUNDAÇÃO | C9: Físico % | D9: =D10/$D$28 -> 0.040897258 | E9: 1
C10: Financeiro | D10: ='PLANILHA ORÇAMENTÁRIA'!I12 -> 9128.94 | E10: =E9*$D$10 -> 9128.94
A11: ='PLANILHA ORÇAMENTÁRIA'!A21 -> ESTRUTURA | C11: Físico % | D11: =D12/$D$28 -> 0.018450344 | E11: 0.5 | F11: 0.5
C12: Financeiro | D12: ='PLANILHA ORÇAMENTÁRIA'!I21 -> 4118.42 | E12: =E11*$D$12 -> 2059.21 | F12: =F11*$D$12 -> 2059.21
A13: ='PLANILHA ORÇAMENTÁRIA'!A26 -> PISOS E CONTRAPISOS | C13: Físico % | D13: =D14/$D$28 -> 0.15678832 | F13: 0.5 | G13: 0.5
C14: Financeiro | D14: ='PLANILHA ORÇAMENTÁRIA'!I26 -> 34997.73 | F14: =F13*$D$14 -> 17498.865 | G14: =G13*$D$14 -> 17498.865
A15: ='PLANILHA ORÇAMENTÁRIA'!A31 -> VEDAÇÕES E REVESTIMENTOS | C15: Físico % | D15: =D16/$D$28 -> 0.21466695 | F15: 0.4 | G15: 0.4 | H15: 0.2
C16: Financeiro | D16: ='PLANILHA ORÇAMENTÁRIA'!I31 -> 47917.19 | F16: =F15*$D$16 -> 19166.876 | G16: =G15*$D$16 -> 19166.876 | H16: =H15*$D$16 -> 9583.438
A17: ='PLANILHA ORÇAMENTÁRIA'!A39 -> COBERTURA | C17: Físico % | D17: =D18/$D$28 -> 0.27426512 | E17: 0.25 | F17: 0.25 | G17: 0.25 | H17: 0.25
C18: Financeiro | D18: ='PLANILHA ORÇAMENTÁRIA'!I39 -> 61220.48 | E18: =E17*$D$18 -> 15305.12 | F18: =F17*$D$18 -> 15305.12 | G18: =G17*$D$18 -> 15305.12 | H18: =H17*$D$18 -> 15305.12
A19: ='PLANILHA ORÇAMENTÁRIA'!A45 -> HIDROSSANITÁRIO | C19: Físico % | D19: =D20/$D$28 -> 0.080206686 | E19: 0.5 | F19: 0.2 | G19: 0.2 | H19: 0.1
C20: Financeiro | D20: ='PLANILHA ORÇAMENTÁRIA'!I45 -> 17903.45 | E20: =E19*$D$20 -> 8951.725 | F20: =F19*$D$20 -> 3580.69 | G20: =G19*$D$20 -> 3580.69 | H20: =H19*$D$20 -> 1790.345
A21: ='PLANILHA ORÇAMENTÁRIA'!A55 -> ELÉTRICO | C21: Físico % | D21: =D22/$D$28 -> 0.1027389 | E21: 0.5 | F21: 0.2 | G21: 0.2 | H21: 0.1
C22: Financeiro | D22: ='PLANILHA ORÇAMENTÁRIA'!I55 -> 22933.01 | E22: =E21*$D$22 -> 11466.505 | F22: =F21*$D$22 -> 4586.602 | G22: =G21*$D$22 -> 4586.602 | H22: =H21*$D$22 -> 2293.301
A23: ='PLANILHA ORÇAMENTÁRIA'!A66 -> ESQUADRIAS | C23: Físico % | D23: =D24/$D$28 -> 0.067965113 | G23: 0.2 | H23: 0.8
C24: Financeiro | D24: ='PLANILHA ORÇAMENTÁRIA'!I66 -> 15170.93 | G24: =G23*$D$24 -> 3034.186 | H24: =H23*$D$24 -> 12136.744
A25: ='PLANILHA ORÇAMENTÁRIA'!A74 -> FINAIS | C25: Físico % | D25: =D26/$D$28 -> 0.019393017 | H25: 1
C26: Financeiro | D26: ='PLANILHA ORÇAMENTÁRIA'!I74 -> 4328.84 | H26: =H25*$D$26 -> 4328.84
A27: TOTAL | C27: Físico % | D27: =D7+D9+D11+D13+D15+D17+D19+D21+D23+D25 -> 1 | E27: =E28/$D$28 -> 0.2347898 | F27: =F28/$D$28 -> 0.27864151 | G27: =G28/$D$28 -> 0.28300936 | H27: =H28/$D$28 -> 0.20355933
C28: Financeiro | D28: =D8+D10+D12+D14+D16+D18+D20+D22+D24+D26 -> 223216.43 | E28: =E8+E10+E12+E14+E16+E18+E20+E22+E24+E26 -> 52408.94 | F28: =F8+F10+F12+F14+F16+F18+F20+F22+F24+F26 -> 62197.363 | G28: =G8+G10+G12+G14+G16+G18+G20+G22+G24+G26 -> 63172.339 | H28: =H8+H10+H12+H14+H16+H18+H20+H22+H24+H26 -> 45437.788
A29: Flávio Lucas Greco Santos CREA-MG: 64.880/D

Sheet COMPOSIÇÃO BDI
A1: MUNICÍPIO DE IGARATINGA
A2: COMPOSIÇÃO DO BDI
A3: PREFEITURA MUNICIPAL DE IGARATINGA | H3: DATA: 13/11/2025
A4: OBRA: Construção do Centro de Apoio a Zoonoses | H4: FOLHAS: 01
A6: Conforme legislação tributária, definir estimativa de percentual da base de cálculo para o ISS: | J6: 0.5
A7: Sobre a base de cálculo, definir a respectiva alíquota do ISS (entre 2% e 5%): | J7: 0.05
A8: Itens | I8: Siglas | J8: % Adotado
A9: Administração Central | I9: AC | J9: 0.0467
A10: Lucro | I10: L | J10: 0.0753
A11: Despesas Financeiras | I11: DF | J11: 0.0153
A12: Seguros, Garantia e Risco | I12: S+R+G | J12: =SUM(J13+J14) -> 0.0219
A13: Seguros e Garantia | I13: SG | J13: 0.0094
A14: Riscos | I14: R | J14: 0.0125
A15: Tributos | I15: I | J15: =SUM(J16+J17+J18) -> 0.0615
A16: ISS | I16: ISS | J16: 0.025
A17: PIS | I17: PIS | J17: 0.0065
A18: COFINS | I18: COF. | J18: 0.03
A19: CPRB (0 OU 4,5% - DESONERAÇÃO) | I19: CRPB | J19: 0
A20: BDI sem desoneração | I20: BDI | J20: =(1+(J9+J12))*(1+J11)*(1+J10)/(1-(J15+J19))-1 -> 0.24309673
A22: BDI = | B22: Os valores de BDI foram calculados com o emprego da fórmula:
C23: (1 + AC + S+ R + G)*(1 + DF)*(1 + L) | H23: - 1
C24: (1-CP-ISS-CRPB)
A26: =CONCATENATE("Declaro para os devidos fins que, conforme legislação tributária municipal, a base de cálculo deste tipo de obra corresponde à ",$J$6*100,"%, com a respectiva alíquota de ",$J$7*100,"%.") -> Declaro para os devidos fins que, conforme legislação tributária municipal, a base de cálculo deste tipo de obra corresponde à 50%, com a respectiva alíquota de 5%.
A27: Flávio Lucas Greco Santos CREA-MG: 64.880/D

Sheet MEMÓRIA DE CÁLCULO
A1: MEMÓRIA DE CÁLCULO
A2: ITEM | B2: DESCRIÇÃO | C2: UND. | D2: QNT. | E2: Nº | F2: PESO ESPECÍFICO | G2: DIÂMETRO | H2: COMP. | I2: LARGURA | J2: PROFUN. | K2: ALTURA | L2: DESCONTOS | M2: RAIO | N2: PESO (KG) | O2: ÁREA (M²) | P2: VOLUME (M³) | Q2: LOCAIS E DETALHES
A3: SERVIÇOS PRELIMINARES
A4: 1 | B4: ='PLANILHA ORÇAMENTÁRIA'!$D$10 -> FORNECIMENTO E COLOCAÇÃO DE PLACA DE OBRA EM CHAPA GALVANIZADA #26, ESP. 0,45 MM, PLOTADA COM ADESIVO VINÍLICO, AFIXADA COM REBITES 4,8X40 MM, EM ESTRUTURA METÁLICA DE METALON 20X20 MM, ESP. 1,25 MM, INCLUSIVE SUPORTE EM EUCALIPTO AUTOCLAVADO PINTADO COM TINTA PVA DUAS (2) DEMÃOS | C4: ='PLANILHA ORÇAMENTÁRIA'!$E$10 -> m² | D4: =O4 -> 2.88 | H4: 2.4 | K4: 1.2 | O4: =H4*K4 -> 2.88
A5: 2 | B5: ='PLANILHA ORÇAMENTÁRIA'!$D$11 -> LOCAÇÃO DE OBRA COM GABARITO DE TÁBUAS CORRIDAS PONTALETADAS A CADA 2,00M, REAPROVEITAMENTO (2X), INCLUSIVE ACOMPANHAMENTO DE EQUIPE TOPOGRÁFICA PARA MARCAÇÃO DE PONTO TOPOGRÁFICO | C5: ='PLANILHA ORÇAMENTÁRIA'!$E$11 -> m | D5: =H5+I5 -> 58.28 | H5: 49.89 | I5: 8.39 | Q5: Frontal e lateral
A6: FUNDAÇÃO
A7: 3 | B7: ='PLANILHA ORÇAMENTÁRIA'!$D$13 -> PERFURAÇÃO MANUAL DE ESTACA TIPO BROCA A TRADO, INCLUSIVE AFASTAMENTO, EXCLUSIVE ARMAÇÃO, CONCRETO ESTRUTURAL, TRANSPORTE E RETIRADA DO MATERIAL ESCAVADO | C7: ='PLANILHA ORÇAMENTÁRIA'!E13 -> m³ | D7: =P7 -> 1.2723439 | E7: 6 | J7: 3 | M7: 0.15 | P7: =(3.14159*M7*M7*J7*E7) -> 1.2723439 | Q7: 6 estacas, DN 30cm, 3,00m profundidade
A8: 4 | B8: ='PLANILHA ORÇAMENTÁRIA'!$D$14 -> CORTE, DOBRA E MONTAGEM DE AÇO CA-50, DIÂMETRO 10MM, INCLUSIVE ESPAÇADOR | C8: ='PLANILHA ORÇAMENTÁRIA'!E14 -> kg | D8: =N8 -> 44.424 | E8: 4 | F8: 0.617 | J8: 3 | N8: =E8*F8*J8*E7 -> 44.424 | Q8: 6 estacas, DN 30cm, 3,00m profundidade
A9: 5 | B9: ='PLANILHA ORÇAMENTÁRIA'!$D$15 -> CORTE, DOBRA E MONTAGEM DE AÇO CA-60, DIÂMETRO 5MM, INCLUSIVE ESPAÇADOR | C9: ='PLANILHA ORÇAMENTÁRIA'!E15 -> kg | D9: =N9 -> 9.1476 | E9: 15 | F9: 0.154 | J9: 0.66 | N9: =J9*F9*E9*E7 -> 9.1476 | Q9: 6 estacas, DN 30cm, 3,00m profundidade
A10: 6 | B10: ='PLANILHA ORÇAMENTÁRIA'!$D$16 -> FORNECIMENTO DE CONCRETO ESTRUTURAL, PREPARADO EM OBRA COM BETONEIRA, COM FCK 20MPA, INCLUSIVE LANÇAMENTO, ADENSAMENTO E ACABAMENTO (FUNDAÇÃO) | C10: ='PLANILHA ORÇAMENTÁRIA'!E16 -> m³ | D10: =P10 -> 1.2723439 | E10: 6 | J10: 3 | M10: 0.15 | P10: =(3.14159*M10*M10*J10*E10) -> 1.2723439 | Q10: 6 estacas, DN 30cm, 3,00m profundidade
A11: 7 | B11: ='PLANILHA ORÇAMENTÁRIA'!$D$17 -> ESCAVAÇÃO MANUAL DE VALA COM PROFUNDIDADE MENOR OU IGUAL A 1,5M, INCLUSIVE DESCARGA LATERAL | C11: ='PLANILHA ORÇAMENTÁRIA'!E17 -> m³ | D11: =SUM(P11:P14) -> 2.8508 | E11: 2 | H11: 6.4 | I11: 0.2 | J11: 0.2 | P11: =H11*I11*J11*E11 -> 0.512 | Q11: Baldrame horizontal
E12: 1 | H12: 44.85 | I12: 0.2 | J12: 0.2 | P12: =H12*I12*J12*E12 -> 1.794
E13: 2 | H13: 2.16 | I13: 0.2 | J13: 0.2 | P13: =H13*I13*J13*E13 -> 0.1728 | Q13: Baldrame vertical
E14: 3 | H14: 3.1 | I14: 0.2 | J14: 0.2 | P14: =H14*I14*J14*E14 -> 0.372
A15: 8 | B15: ='PLANILHA ORÇAMENTÁRIA'!$D$18 -> CORTE, DOBRA E MONTAGEM DE AÇO CA-50, DIÂMETRO 10MM, INCLUSIVE ESPAÇADOR | C15: ='PLANILHA ORÇAMENTÁRIA'!E18 -> kg | D15: =N15 -> 175.89436 | E15: 4 | F15: 0.617 | H15: =(H11*E11)+(H12*E12)+(H13*E13)+(H14*E14) -> 71.27 | N15: =H15*E15*F15 -> 175.89436 | Q15: 4 barras por viga
A16: 9 | B16: ='PLANILHA ORÇAMENTÁRIA'!$D$19 -> CORTE, DOBRA E MONTAGEM DE AÇO CA-60, DIÂMETRO 5MM, INCLUSIVE ESPAÇADOR | C16: ='PLANILHA ORÇAMENTÁRIA'!E19 -> kg | D16: =N16 -> 36.219414 | E16: =H15/0.2 -> 356.35 | F16: 0.154 | H16: 0.66 | N16: =H16*E16*F16 -> 36.219414 | Q16: Estribo c/20cm
A17: 10 | B17: ='PLANILHA ORÇAMENTÁRIA'!$D$20 -> FORNECIMENTO DE CONCRETO ESTRUTURAL, PREPARADO EM OBRA COM BETONEIRA, COM FCK 20MPA, INCLUSIVE LANÇAMENTO, ADENSAMENTO E ACABAMENTO (FUNDAÇÃO) | C17: ='PLANILHA ORÇAMENTÁRIA'!E20 -> m³ | D17: =D11 -> 2.8508 | Q17: Baldrames
A18: ESTRUTURA
A19: 11 | B19: ='PLANILHA ORÇAMENTÁRIA'!D22 -> FÔRMA E DESFORMA PARA PILAR DE MADEIRA COM TÁBUA E SARRAFO, REAPROVEITAMENTO (3X), EXCLUSIVE ESCORAMENTO | C19: ='PLANILHA ORÇAMENTÁRIA'!E22 -> m² | D19: =SUM(O19:O21) -> 11.31 | E19: =6*2 -> 12 | I19: 0.15 | K19: =(2.75+2.45)/2 -> 2.6 | O19: =K19*I19*E19 -> 4.68 | Q19: 6 Pilares, 2 Faces
E20: =3*2 -> 6 | H20: 3.1 | I20: 0.15 | O20: =I20*H20*E20 -> 2.79 | Q20: 3 Vigas, 2 Faces
E21: =2*2 -> 4 | H21: 6.4 | I21: 0.15 | O21: =I21*H21*E21 -> 3.84 | Q21: 2 Vigas, 2 Faces
A22: 12 | B22: ='PLANILHA ORÇAMENTÁRIA'!D23 -> CORTE, DOBRA E MONTAGEM DE AÇO CA-50, DIÂMETRO 10MM, INCLUSIVE ESPAÇADOR | C22: ='PLANILHA ORÇAMENTÁRIA'!E23 -> kg | D22: =SUM(N22:N24) -> 93.0436 | E22: =6*4 -> 24 | F22: 0.617 | K22: =(2.75+2.45)/2 -> 2.6 | N22: =K22*F22*E22 -> 38.5008 | Q22: 6 Pilares, 4 Barras
E23: =3*4 -> 12 | H23: 3.1 | N23: =H23*F22*E23 -> 22.9524 | Q23: 3 Vigas, 4 Barras
E24: =2*4 -> 8 | H24: 6.4 | N24: =H24*F22*E24 -> 31.5904 | Q24: 2 Vigas, 4 Barras
A25: 13 | B25: ='PLANILHA ORÇAMENTÁRIA'!D24 -> CORTE, DOBRA E MONTAGEM DE AÇO CA-60, DIÂMETRO 5MM, INCLUSIVE ESPAÇADOR | C25: ='PLANILHA ORÇAMENTÁRIA'!E24 -> kg | D25: =SUM(N25:N27) -> 19.15914 | E25: =(K25*6)/0.2 -> 78 | F25: 0.154 | H25: 0.66 | K25: 2.6 | N25: =H25*F25*E25 -> 7.92792 | Q25: 6 Pilares
E26: =(K26*3)/0.2 -> 46.5 | K26: 3.1 | N26: =H25*F25*E26 -> 4.72626 | Q26: 3 Vigas
E27: =(K27*2)/0.2 -> 64 | K27: 6.4 | N27: =H25*F25*E27 -> 6.50496 | Q27: 2 Vigas
A28: 14 | B28: ='PLANILHA ORÇAMENTÁRIA'!D25 -> FORNECIMENTO DE CONCRETO ESTRUTURAL, PREPARADO EM OBRA COM BETONEIRA, COM FCK 20MPA, INCLUSIVE LANÇAMENTO, ADENSAMENTO E ACABAMENTO (FUNDAÇÃO) | C28: ='PLANILHA ORÇAMENTÁRIA'!E25 -> m³ | D28: =SUM(P28:P30) -> 0.84825 | E28: 6 | H28: 0.15 | I28: 0.15 | K28: 2.6 | P28: =E28*H28*I28*K28 -> 0.351 | Q28: 6 Pilares
E29: 3 | H29: 3.1 | I29: 0.15 | K29: 0.15 | P29: =E29*H29*I29*K29 -> 0.20925 | Q29: 3 Vigas
E30: 2 | H30: 6.4 | I30: 0.15 | K30: 0.15 | P30: =E30*H30*I30*K30 -> 0.288 | Q30: 2 Vigas
A31: PISOS E CONTRAPISOS
A32: 15 | B32: ='PLANILHA ORÇAMENTÁRIA'!D27 -> LASTRO DE CONCRETO MAGRO, INCLUSIVE TRANSPORTE, LANÇAMENTO E ADENSAMENTO | C32: ='PLANILHA ORÇAMENTÁRIA'!E27 -> m³ | D32: =P32 -> 0.4998 | K32: 0.03 | O32: =11.06+5.6 -> 16.66 | P32: =O32*K32 -> 0.4998 | Q32: Sala de apoio e depósito
A33: 16 | B33: ='PLANILHA ORÇAMENTÁRIA'!D28 -> CONTRAPISO DESEMPENADO COM ARGAMASSA, TRAÇO 1:3 (CIMENTO E AREIA), ESP. 50MM, INCLUSIVE ARGAMASSA COM PREPARO MECANIZADO | C33: ='PLANILHA ORÇAMENTÁRIA'!E28 -> m² | D33: =SUM(O33:O36) -> 411.3 | O33: =11.06+5.6 -> 16.66 | Q33: Sala de apoio e depósito
O34: =10*18.66 -> 186.6 | Q34: Baias cobertas
O35: 107.33 | Q35: Baia descoberta
O36: 100.71 | Q36: Circulação
A37: 17 | B37: ='PLANILHA ORÇAMENTÁRIA'!D29 -> REVESTIMENTO COM CERÂMICA APLICADO EM PISO, ACABAMENTO ESMALTADO, AMBIENTE INTERNO, PADRÃO EXTRA, DIMENSÃO DA PEÇA ATÉ 2025 CM2, PEI V, ASSENTAMENTO COM ARGAMASSA INDUSTRIALIZADA, INCLUSIVE REJUNTAMENTO | C37: ='PLANILHA ORÇAMENTÁRIA'!E29 -> m² | D37: =$O$37 -> 16.66 | O37: =11.06+5.6 -> 16.66 | Q37: Sala de apoio e depósito
A38: 18 | B38: ='PLANILHA ORÇAMENTÁRIA'!D30 -> RODAPÉ COM REVESTIMENTO EM CERÂMICA ESMALTADA COMERCIAL, ALTURA 10CM, PEI IV, ASSENTAMENTO COM ARGAMASSA INDUSTRIALIZADA, INCLUSIVE REJUNTAMENTO | C38: ='PLANILHA ORÇAMENTÁRIA'!E30 -> m | D38: =$O$38 -> 23.1 | O38: =13.5+9.6 -> 23.1 | Q38: Sala de apoio e depósito
A39: VEDAÇÕES
A40: 19 | B40: ='PLANILHA ORÇAMENTÁRIA'!D32 -> ALVENARIA DE VEDAÇÃO COM TIJOLO CERÂMICO FURADO, ESP. 9CM, PARA REVESTIMENTO, INCLUSIVE ARGAMASSA PARA ASSENTAMENTO | C40: ='PLANILHA ORÇAMENTÁRIA'!E32 -> m² | D40: =SUM(O40:O41) -> 60.11 | H40: =19+2.8 -> 21.8 | K40: =(2.75+2.45)/2 -> 2.6 | L40: =(2*2.1*0.7)+(2*1) -> 4.94 | O40: =H40*K40-L40 -> 51.74 | Q40: Sala de apoio e depósito
H41: =44.85+(2*2) -> 48.85 | K41: 0.2 | L41: =(2*0.7) -> 1.4 | O41: =H41*K41-L41 -> 8.37 | Q41: Mureta
A42: 20 | B42: ='PLANILHA ORÇAMENTÁRIA'!D33 -> CHAPISCO COM ARGAMASSA, TRAÇO 1:3 (CIMENTO E AREIA), ESP. 5MM, APLICADO EM ALVENARIA/ESTRUTURA DE CONCRETO COM COLHER, INCLUSIVE ARGAMASSA COM PREPARO MECANIZADO | C42: ='PLANILHA ORÇAMENTÁRIA'!E33 -> m² | D42: =SUM(O42:O45) -> 101.92 | H42: =(3.95+2.8)*2 -> 13.5 | K42: =(2.75+2.45)/2 -> 2.6 | L42: =(2*1)+(2.1*0.7) -> 3.47 | O42: =(H42*K42)-L42 -> 31.63 | Q42: Sala de apoio
H43: =(2+2.8)*2 -> 9.6 | K43: =(2.75+2.45)/2 -> 2.6 | L43: =2.1*0.7 -> 1.47 | O43: =(H43*K43)-L43 -> 23.49 | Q43: Depósito
H44: =(3.1*2)+6.4 -> 12.6 | K44: =(2.75+2.45)/2 -> 2.6 | L44: =(2*2.1*0.7)+(2*1) -> 4.94 | O44: =(H44*K44)-L44 -> 27.82 | Q44: Área externa
E45: 2 | H45: =H41 -> 48.85 | K45: 0.2 | L45: =L41 -> 1.4 | O45: =(H45-L45)*E45*K45 -> 18.98 | Q45: Mureta
A46: 21 | B46: ='PLANILHA ORÇAMENTÁRIA'!D34 -> REBOCO COM ARGAMASSA, TRAÇO 1:2:8 (CIMENTO, CAL E AREIA), ESP. 20MM, APLICAÇÃO MANUAL, INCLUSIVE ARGAMASSA COM PREPARO MECANIZADO, EXCLUSIVE CHAPISCO | C46: ='PLANILHA ORÇAMENTÁRIA'!E34 -> m² | D46: =D42 -> 101.92 | Q46: Igual área de chapisco
A47: 22 | B47: ='PLANILHA ORÇAMENTÁRIA'!D35 -> PREPARAÇÃO PARA EMASSAMENTO OU PINTURA (LÁTEX/ACRÍLICA) EM PAREDE, INCLUSIVE UMA (1) DEMÃO DE SELADOR ACRÍLICO | C47: ='PLANILHA ORÇAMENTÁRIA'!E35 -> m² | D47: =D42 -> 101.92 | Q47: Igual área de chapisco
A48: 23 | B48: ='PLANILHA ORÇAMENTÁRIA'!D36 -> PINTURA ACRÍLICA EM PAREDE, DUAS (2) DEMÃOS, COM APLICAÇÃO MANUAL, EXCLUSIVE SELADOR ACRÍLICO E MASSA ACRÍLICA/CORRIDA (PVA) | C48: ='PLANILHA ORÇAMENTÁRIA'!E36 -> m² | D48: =D42 -> 101.92 | Q48: Igual área de chapisco
A49: 24 | B49: ='PLANILHA ORÇAMENTÁRIA'!D37 -> MURO EM PLACA DE CONCRETO PRÉ-MOLDADA, COM H=1,80 (4 PLACAS), INCLUINDO POSTES DE FIXAÇÃO, TRANSPORTE E INSTALAÇÃO | C49: ='PLANILHA ORÇAMENTÁRIA'!E37 -> m | D49: =$O$49 -> 89.14 | H49: 30.71 | I49: =(6.23*10)+3.13 -> 65.43 | L49: =10*0.7 -> 7 | O49: =(H49+I49)-L49 -> 89.14
A50: 25 | B50: ='PLANILHA ORÇAMENTÁRIA'!D38 -> CERCA DE MOURÃO H = 2,80 M - MOURÃO PRÉ-FABRICADO DE CONCRETO PONTA VIRADA A CADA 2,50 M, 3 FIOS DE ARAME FARPADO E TELA GALVANIZADA # 2" FIO 12, INCLUSIVE FUNDAÇÃO | C50: ='PLANILHA ORÇAMENTÁRIA'!E38 -> m | D50: =H50-L50 -> 47.45 | H50: =44.85+(2*2) -> 48.85 | L50: =L41 -> 1.4
A51: COBERTURA
A52: 26 | B52: ='PLANILHA ORÇAMENTÁRIA'!D40 -> FORNECIMENTO DE ESTRUTURA METÁLICA E ENGRADAMENTO METÁLICO, EM AÇO, PARA TELHADO, EXCLUSIVE TELHA, INCLUSIVE FABRICAÇÃO, TRANSPORTE, MONTAGEM E APLICAÇÃO DE FUNDO PREPARADOR ANTICORROSIVO EM SUPERFÍCIE METÁLICA, UMA (1) DEMÃO | C52: ='PLANILHA ORÇAMENTÁRIA'!E40 -> kg | D52: =SUM(N52:N54) -> 927.388 | E52: =(10*2) -> 20 | F52: 7.16 | K52: =(2.75+2.45)/2 -> 2.6 | N52: =E52*F52*K52 -> 372.32 | Q52: Pilar metálico 10x8 - chapa 12 - 2.65mm --- 3,58k/m, duplado 7,16k/m, colocado na projeção das baias a cada 3m em 2 fileiras
E53: 13 | F53: 7.16 | H53: 3.7 | N53: =E53*F53*H53 -> 344.396 | Q53: Viga metálica 10x8 - chapa 12 - 2.65mm --- 3,58k/m, duplado 7,16k/m, colocadas na projeção total da cobertura
E54: 3 | F54: 1.9 | H54: 36.96 | N54: =E54*F54*H54 -> 210.672 | Q54: Ripa metálica 5x2,5 - chapa 12 - 2.65mm --- 1,90k/m, colocadas em 3 fileiras no comprimento total da cobertura
E55: https://www.pessoaacos.com.br/produtos/perfil-c-de-aco/
A56: 27 | B56: ='PLANILHA ORÇAMENTÁRIA'!D41 -> PINTURA ESMALTE BASE SOLVENTE EM SUPERFÍCIES METÁLICAS, DUAS (2) DEMÃOS, COM APLICAÇÃO MANUAL, INCLUSIVE UMA (1) DEMÃO DE FUNDO ANTICORROSIVO | C56: ='PLANILHA ORÇAMENTÁRIA'!E41 -> m² | D56: =SUM(O56:O58) -> 47.124 | E56: 20 | G56: 0.36 | H56: 2.6 | O56: =E56*G56*H56 -> 18.72 | Q56: Pilar
E57: 13 | G57: 0.36 | H57: 3.7 | O57: =E57*G57*H57 -> 17.316 | Q57: Viga
E58: 3 | G58: 0.1 | H58: 36.96 | O58: =E58*G58*H58 -> 11.088 | Q58: Ripa
A59: 28 | B59: ='PLANILHA ORÇAMENTÁRIA'!D42 -> COBERTURA EM TELHA METÁLICA GALVANIZADA TRAPEZOIDAL, TIPO DUPLA TERMOACÚSTICA COM DUAS FACES TRAPEZOIDAIS, ESP. 0,43MM, PREENCHIMENTO EM POLIESTIRENO EXPANDIDO/ISOPOR COM ESP. 30MM, ACABAMENTO NATURAL, INCLUSIVE ACESSÓRIOS PARA FIXAÇÃO, FORNECIMENTO E INSTALAÇÃO | C59: ='PLANILHA ORÇAMENTÁRIA'!E42 -> m² | D59: =O59 -> 136.75 | O59: 136.75 | Q59: Área Autocad
A60: 29 | B60: ='PLANILHA ORÇAMENTÁRIA'!D43 -> RUFO E CONTRARRUFO EM CHAPA GALVANIZADA, ESP. 0,65MM (GSG-24), COM DESENVOLVIMENTO DE 33CM, INCLUSIVE IÇAMENTO MANUAL VERTICAL | C60: ='PLANILHA ORÇAMENTÁRIA'!E43 -> m | D60: =H60 -> 36.96 | H60: 36.96
A61: 30 | B61: ='PLANILHA ORÇAMENTÁRIA'!D44 -> CHUMBAMENTO EM PISO PARA TUBO DE AÇO COM SEÇÃO REDONDA OU QUADRADA, DIMENSÃO DA SEÇÃO TRANSVERSAL DE ATÉ 4" (100MM), EM CONCRETO NÃO ESTRUTURAL, PREPARADO EM OBRA COM BETONEIRA, COM FCK 15MPA, INCLUSIVE ESCAVAÇÃO E TRANSPORTE COM RETIRADA DO MATERIAL ESCAVADO (EM CAÇAMBA) | C61: ='PLANILHA ORÇAMENTÁRIA'!E44 -> m | D61: =E61 -> 20 | E61: =E52 -> 20
A62: HIDRÁULICO
A63: 31 | B63: ='PLANILHA ORÇAMENTÁRIA'!D46 -> PONTO DE EMBUTIR PARA ÁGUA FRIA EM TUBO PVC RÍGIDO SOLDÁVEL, DN 20MM (1/2"), EMBUTIDO NA ALVENARIA COM DISTÂNCIA DE ATÉ CINCO (5) METROS DA TOMADA DE ÁGUA, INCLUSIVE CONEXÕES E FIXAÇÃO DO TUBO COM ENCHIMENTO DO RASGO NA ALVENARIA/CONCRETO COM ARGAMASSA | C63: ='PLANILHA ORÇAMENTÁRIA'!E46 -> un | D63: 3 | Q63: Baias
A64: 32 | B64: ='PLANILHA ORÇAMENTÁRIA'!D47 -> CANALETA PARA DRENAGEM, PRÉ-MOLDADA, TIPO MEIA CANA, DIÂMETRO 30CM, EXCLUSIVE TAMPA, INCLUSIVE ASSENTAMENTO EM ARGAMASSA, TRAÇO 1:3 (CIMENTO E AREIA), ESCAVAÇÃO, TRANSPORTE E RETIRADA DO MATERIAL ESCAVADO (EM CAÇAMBA) | C64: ='PLANILHA ORÇAMENTÁRIA'!E47 -> m | D64: =H64 -> 41.82 | H64: =42.32-0.5 -> 41.82 | Q64: Baias
A65: 33 | B65: ='PLANILHA ORÇAMENTÁRIA'!D48 -> CAIXA DE PASSAGEM EM ALVENARIA E TAMPA DE CONCRETO, FUNDO DE BRITA, TIPO 1, DIMENSÃO (50X50X60)CM, INCLUSIVE ESCAVAÇÃO, REATERRO E BOTA-FORA | C65: ='PLANILHA ORÇAMENTÁRIA'!E48 -> un | D65: 1 | Q65: Baias
A66: 34 | B66: ='PLANILHA ORÇAMENTÁRIA'!D49 -> FORNECIMENTO E ASSENTAMENTO DE TUBO PVC RÍGIDO, ESGOTO, PBV - SÉRIE NORMAL, DN 150 MM (6"), INCLUSIVE CONEXÕES | C66: ='PLANILHA ORÇAMENTÁRIA'!E49 -> m | D66: =H66 -> 21.35 | H66: 21.35
A67: 35 | B67: ='PLANILHA ORÇAMENTÁRIA'!D50 -> FORNECIMENTO E ASSENTAMENTO DE TUBO PVC RÍGIDO SOLDÁVEL, ÁGUA FRIA, DN 32 MM (1") , INCLUSIVE CONEXÕES | C67: ='PLANILHA ORÇAMENTÁRIA'!E50 -> m | D67: =H67 -> 211.71 | H67: 211.71 | Q67: Ligação principal
A68: 36 | B68: ='PLANILHA ORÇAMENTÁRIA'!D51 -> TORNEIRA METÁLICA PARA IRRIGAÇÃO/JARDIM, ACABAMENTO CROMADO, APLICAÇÃO DE PAREDE | C68: ='PLANILHA ORÇAMENTÁRIA'!E51 -> un | D68: 3 | Q68: Baias
A69: 37 | B69: ='PLANILHA ORÇAMENTÁRIA'!D52 -> REGISTRO DE ESFERA, TIPO PVC SOLDÁVEL DN 32MM (1"), INCLUSIVE VOLANTE PARA ACIONAMENTO | C69: ='PLANILHA ORÇAMENTÁRIA'!E52 -> un | D69: 1 | Q69: Ligação principal
A70: 38 | B70: ='PLANILHA ORÇAMENTÁRIA'!D53 -> ESCAVAÇÃO MANUAL DE VALA COM PROFUNDIDADE MENOR OU IGUAL A 1,5M, INCLUSIVE DESCARGA LATERAL | C70: ='PLANILHA ORÇAMENTÁRIA'!E53 -> m³ | D70: =P70 -> 4.763475 | H70: =H67 -> 211.71 | I70: 0.15 | J70: 0.15 | P70: =H70*I70*J70 -> 4.763475 | Q70: Ligação principal
A71: 39 | B71: ='PLANILHA ORÇAMENTÁRIA'!D54 -> REATERRO MANUAL DE VALA, INCLUSIVE ESPALHAMENTO E COMPACTAÇÃO MANUAL COM SOQUETE | C71: ='PLANILHA ORÇAMENTÁRIA'!E54 -> m³ | D71: =P71 -> 4.763475 | H71: =H67 -> 211.71 | I71: 0.15 | J71: 0.15 | P71: =H71*I71*J71 -> 4.763475 | Q71: Ligação principal
A72: ELÉTRICO
A73: 40 | B73: ='PLANILHA ORÇAMENTÁRIA'!D56 -> PONTO DE EMBUTIR PARA UMA (1) TOMADA PADRÃO, TRÊS (3) POLOS (2P+T/10A-250V), COM PLACA 4"X2" DE UM (1) POSTO, COM ELETRODUTO FLEXÍVEL CORRUGADO, ANTI-CHAMA, DN 25MM (3/4"), EMBUTIDO NA ALVENARIA E CABO DE COBRE FLEXÍVEL, CLASSE 5, ISOLAMENTO TIPO LSHF/ATOX, NÃO HALOGENADO, SEÇÃO 2,5MM2 (70°C-450/750V), COM DISTÂNCIA DE ATÉ DEZ (10) METROS DO PONTO DE DERIVAÇÃO, INCLUSIVE CAIXA DE LIGAÇÃO, SUPORTE E FIXAÇÃO DO ELETRODUTO COM ENCHIMENTO DO RASGO NA ALVENARIA/CONCRETO COM ARGAMASSA | C73: ='PLANILHA ORÇAMENTÁRIA'!E56 -> un | D73: 6 | Q73: Sala de apoio e depósito
A74: 41 | B74: ='PLANILHA ORÇAMENTÁRIA'!D57 -> PONTO DE EMBUTIR PARA UM (1) INTERRUPTOR SIMPLES (10A-250V), COM PLACA 4"X2" DE UM (1) POSTO, COM ELETRODUTO FLEXÍVEL CORRUGADO, ANTI-CHAMA, DN 25MM (3/4"), EMBUTIDO NA ALVENARIA E CABO DE COBRE FLEXÍVEL, CLASSE 5, ISOLAMENTO TIPO LSHF/ATOX, NÃO HALOGENADO, SEÇÃO 1,5MM2 (70°C-450/750V), COM DISTÂNCIA DE ATÉ DEZ (10) METROS DO PONTO DE DERIVAÇÃO, INCLUSIVE CAIXA DE LIGAÇÃO, SUPORTE E FIXAÇÃO DO ELETRODUTO COM ENCHIMENTO DO RASGO NA ALVENARIA/CONCRETO COM ARGAMASSA | C74: ='PLANILHA ORÇAMENTÁRIA'!E57 -> un | D74: 3 | Q74: Sala de apoio, depósito e refletores
A75: 42 | B75: ='PLANILHA ORÇAMENTÁRIA'!D58 -> PONTO DE EMBUTIR PARA UMA (1) LUMINÁRIA,COM ELETRODUTO DE PVC RÍGIDO ROSCÁVEL, DN 20MM (3/4"), EMBUTIDO NA LAJE E CABO DE COBRE FLEXÍVEL, CLASSE 5, ISOLAMENTO TIPO LSHF/ATOX, NÃO HALOGENADO, SEÇÃO 1,5MM2 (70°C-450/750V), COM DISTÂNCIA DE ATÉ CINCO (5) METROS DO PONTO DE DERIVAÇÃO, EXCLUSIVE LUMINÁRIA, INCLUSIVE CAIXA DE LIGAÇÃO OCTOGONAL, SUPORTE E FIXAÇÃO DO ELETRODUTO | C75: ='PLANILHA ORÇAMENTÁRIA'!E58 -> un | D75: 4 | Q75: Sala de apoio, depósito e refletores
A76: 43 | B76: ='PLANILHA ORÇAMENTÁRIA'!D59 -> LÂMPADA LED, BASE E27, POTÊNCIA DE 20W, BULBO A70, TEMPERATURA DA COR 6500K, TENSÃO 110-127V, EXCLUSIVE LUMINÁRIA | C76: ='PLANILHA ORÇAMENTÁRIA'!E59 -> un | D76: 2 | Q76: Sala de apoio e depósito
A77: 44 | B77: ='PLANILHA ORÇAMENTÁRIA'!D60 -> REFLETOR DE LED, POTÊNCIA DE 200W, EXCLUSIVE SUPORTE E POSTE | C77: ='PLANILHA ORÇAMENTÁRIA'!E60 -> un | D77: 2 | Q77: Área externa
A78: 45 | B78: ='PLANILHA ORÇAMENTÁRIA'!D61 -> CABO ISOLADO DE COBRE FLEXÍVEL, CLASSE 5, ISOLAMENTO TIPO LSHF/ATOX, NÃO HALOGENADO E ANTICHAMA, DIÂMETRO DA SEÇÃO DE 6MM2, TEMPERATURA DE TRABALHO 70°C, TENSÃO NOMINAL DE OPERAÇÃO 450/750V | C78: ='PLANILHA ORÇAMENTÁRIA'!E61 -> m | D78: =E78*H78 -> 162.078 | E78: 1 | H78: =154.36*1.05 -> 162.078 | Q78: Terra
A79: 46 | B79: ='PLANILHA ORÇAMENTÁRIA'!D62 -> CABO ISOLADO DE COBRE FLEXÍVEL, CLASSE 5, ISOLAMENTO TIPO LSHF/ATOX, NÃO HALOGENADO E ANTICHAMA, DIÂMETRO DA SEÇÃO DE 10MM2, TEMPERATURA DE TRABALHO 70°C, TENSÃO NOMINAL DE OPERAÇÃO 450/750V | C79: ='PLANILHA ORÇAMENTÁRIA'!E62 -> m | D79: =E79*H79 -> 324.156 | E79: 2 | H79: =154.36*1.05 -> 162.078 | Q79: 2 Fases
A80: 47 | B80: ='PLANILHA ORÇAMENTÁRIA'!D63 -> ELETRODUTO DE AÇO GALVANIZADO MÉDIO, DIÂMETRO DE 32MM (1.1/4"), INCLUSIVE ACESSÓRIOS PARA FIXAÇÃO E CONEXÕES | C80: ='PLANILHA ORÇAMENTÁRIA'!E63 -> m | D80: =H80 -> 162.078 | H80: =154.36*1.05 -> 162.078
A81: 48 | B81: ='PLANILHA ORÇAMENTÁRIA'!D64 -> QUADRO DE DISTRIBUIÇÃO DE EMBUTIR EM PVC PARA 4 DISJUNTORES DIN, INCLUSIVE BARRAMENTOS NEUTRO/TERRA, EXCLUSIVE BARRAMENTO DE FASE | C81: ='PLANILHA ORÇAMENTÁRIA'!E64 -> un | D81: 1
A82: 49 | B82: ='PLANILHA ORÇAMENTÁRIA'!D65 -> DISJUNTOR BIPOLAR TIPO DIN, CORRENTE NOMINAL DE 25A, FORNECIMENTO E INSTALAÇÃO, INCLUSIVE TERMINAL ILHÓS | C82: ='PLANILHA ORÇAMENTÁRIA'!E65 -> un | D82: 3
A83: ESQUADRIAS
A84: 50 | B84: ='PLANILHA ORÇAMENTÁRIA'!D67 -> PORTA PARA ALAMBRADO, COM UMA (1) FOLHA, DIMENSÃO (90X210)CM, EM TELA DE ARAME GALVANIZADO COM TRAMA LOSANGULAR DE 2" (50,8MM) E FIO BWG12 (2,77MM), EXCLUSIVE PINTURA, INCLUSIVE FIXAÇÃO E FORNECIMENTO EM QUADROS DE TUBOS DE AÇO CARBONO GALVANIZADO DIÂMETRO DE 50MM (2"), BATENTE, DOBRADIÇAS E CADEADO COM LARGURA DE 50MM | C84: ='PLANILHA ORÇAMENTÁRIA'!E67 -> un | D84: 2 | Q84: Alambrado
A85: 51 | B85: ='PLANILHA ORÇAMENTÁRIA'!D68 -> PORTÃO EM TUBO DE AÇO GALVANIZADO COM COSTURA, DIÂMETRO DE 1.1/2" (38,1MM), ESP. 2MM, COM TELA QUADRICULADA ONDULADA, TRAMA DE 1/2" (12,70MM), FIO 12 (2,77MM), EXCLUSIVE CADEADO E PINTURA | C85: ='PLANILHA ORÇAMENTÁRIA'!E68 -> m² | D85: =O85 -> 12.6 | E85: 10 | H85: 0.7 | K85: 1.8 | O85: =(K85*H85)*E85 -> 12.6 | Q85: Baias cobertas
A86: 52 | B86: ='PLANILHA ORÇAMENTÁRIA'!D69 -> PINTURA ESMALTE BASE SOLVENTE EM TUBO GALVANIZADO, DUAS (2) DEMÃOS, COM APLICAÇÃO MANUAL, INCLUSIVE UMA (1) DEMÃO DE FUNDO ANTICORROSIVO | C86: ='PLANILHA ORÇAMENTÁRIA'!E69 -> m | D86: =E86*H86 -> 57 | E86: 10 | H86: =(0.7*3)+(1.8*2) -> 5.7
A87: 53 | B87: ='PLANILHA ORÇAMENTÁRIA'!D70 -> PORTA METÁLICA, TIPO DE ABRIR, COM UMA (1) FOLHA, EM CHAPA GALVANIZADA LAMBRIL, MODELO QUADRADO, INCLUSIVE PINTURA ANTICORROSIVA A BASE DE ÓXIDO DE FERRO (ZARCÃO), UMA (1) DEMÃO, FORNECIMENTO E ASSENTAMENTO, EXCLUSIVE FECHADURA E DOBRADIÇA | C87: ='PLANILHA ORÇAMENTÁRIA'!E70 -> m² | D87: =O87 -> 2.94 | E87: 2 | H87: 0.7 | K87: 2.1 | O87: =(K87*H87)*E87 -> 2.94 | Q87: Sala de apoio e depósito
A88: 54 | B88: ='PLANILHA ORÇAMENTÁRIA'!D71 -> PINTURA ESMALTE BASE SOLVENTE EM SUPERFÍCIES METÁLICAS, DUAS (2) DEMÃOS, COM APLICAÇÃO MANUAL, INCLUSIVE UMA (1) DEMÃO DE FUNDO ANTICORROSIVO | C88: ='PLANILHA ORÇAMENTÁRIA'!E71 -> m² | D88: =D87*2 -> 5.88 | Q88: Igual área da porta x2
A89: 55 | B89: ='PLANILHA ORÇAMENTÁRIA'!D72 -> JANELAS DE ALUMÍNIO DE CORRER, 4 FOLHAS, COM VIDROS, BATENTES E FERRAGENS, SEM CONTRA MARCO REF 94573 | C89: ='PLANILHA ORÇAMENTÁRIA'!E72 -> m² | D89: =O89 -> 2 | H89: 2 | I89: 1 | O89: =H89*I89 -> 2 | Q89: Sala de apoio
A90: 56 | B90: ='PLANILHA ORÇAMENTÁRIA'!D73 -> PEITORIL DE GRANITO, NA COR CINZA ANDORINHA, COM PINGADEIRA, ESP. 2CM, ACABAMENTO POLIDO, ASSENTAMENTO COM ARGAMASSA INDUSTRIALIZADA, INCLUSIVE REJUNTAMENTO | C90: ='PLANILHA ORÇAMENTÁRIA'!E73 -> m² | D90: =O90 -> 0.3 | H90: 2 | I90: 0.15 | O90: =H90*I90 -> 0.3 | Q90: Sala de apoio
A91: SERVIÇOS FINAIS
A92: 57 | B92: ='PLANILHA ORÇAMENTÁRIA'!D75 -> LIMPEZA FINAL PARA ENTREGA DA OBRA | C92: ='PLANILHA ORÇAMENTÁRIA'!E75 -> m² | D92: =O92 -> 418.65 | O92: 418.65

Sheet COMPOSIÇÃO 01
B1: Município de Igaratinga | L1: COTAÇÃO
B2: Estado de Minas Gerais | L2: FORNECEDOR | M2: CIDADE | N2: TELEFONE | O2: CNJP | P2: PREÇO
B3: CNPJ: 18.313.825/0001-21
L4: Cerâmica e Lajes Santo Antônio | M4: Igaratinga - MG | N4: (37) 99971-1520 | O4: 20.666.145/0001-33 | P4: 100
L5: Soufer Materiais de Construção Ltda | M5: Pará de Minas - MG | N5: (37) 3231-4040 | O5: 29.825.436/0001-00 | P5: 140
A6: COMPOSIÇÃO Nº. 001 | L6: Pré-moldados Nova Serrana | M6: Nova Serrana - MG | N6: (37) 3226-3879 | O6: 12.594.573/0001-70 | P6: 100
L7: Valor mediano | P7: =SUM(P4:P6)/3 -> 113.33333
A9: MURO EM PLACA DE CONCRETO PRÉ-MOLDADA, COM H=1,80 (4 PLACAS), INCLUINDO POSTES DE FIXAÇÃO, TRANSPORTE E INSTALAÇÃO
A11: UNIDADE: m | E11: DATA: 10/11/2025
A13: (A) Equipamento | B13: Código | C13: Ut. Pr. | D13: Ut. Impr | E13: Vl. Hr. Prod | F13: Vl. Hr Imp. | G13: Consumo | H13: Custo Horário
F14: (A) Total: | G14: 0
A16: (B) Mão-de-obra | C16: Código | D16: Eq. Salarial | E16: Sal/Hora | F16: Encargos (%) | G16: Consumo | H16: Custo Horário
A17: SERVENTE COM ENCARGOS COMPLEMENTARES | C17: ED-50367 | E17: 22.66 | G17: 0.5 | H17: =ROUND(E17*G17,2) -> 11.33
A18: PEDREIRO COM ENCARGOS COMPLEMENTARES | C18: ED-50381 | E18: 31.22 | G18: 0.5 | H18: =ROUND(E18*G18,2) -> 15.61
F19: (B) Total: | G19: =SUM(H17:H18) -> 26.94
A21: (C) Itens de Incidência | C21: Código | D21: % | E21: M.O. | F21: Equip. | G21: Mat. | H21: Custo
F22: (C) Total: | G22: 0
A24: Custo Horário da Execução (A) + (B) + (C) | G24: =G14+G19+G22 -> 26.94
A25: (D) Produção da Equipe | G25: 1
A26: (E) Custo Unitário da Execução [(A) + (B) + (C)] / (D) | G26: =G24/G25 -> 26.94
A28: (F) Materiais | C28: Código | D28: Unid. | E28: Consumo | F28: Custo Unitário | H28: Custo Geral
A29: PLACAS DE CONCRETO PRÉ-MOLDADA, H=1,80 INCLUINDO POSTES DE FIXAÇÃO E TRANSPORTE | C29: Cotação | D29: M | E29: 1 | F29: =P7 -> 113.33333 | H29: =ROUND((E29*F29),2) -> 113.33
F30: (F) Total: | G30: =SUM(H29:H29) -> 113.33
A32: (G) Serviços | C32: Código | D32: Unid. | E32: Consumo | F32: Custo Unitário | H32: Custo Geral
F33: (G) Total: | G33: 0
A35: (H) Itens de Transporte | B35: Código | C35: Unid. | D35: Fórmula | E35: X1 X2 X3 | F35: Consumo | G35: Custo | H35: Custo Geral
F36: (H) Total: | G36: 0
A38: Custo Direto Total (E) + (F) + (G) + (H): | G38: =SUM(G26+G30+G33+G36) -> 140.27
A40: Flávio L. Greco S.
A41: Eng.º Civil - CREA-MG 64.880/D

Sheet COMPOSIÇÃO 02
B1: Município de Igaratinga
B2: Estado de Minas Gerais
B3: CNPJ: 18.313.825/0001-21
A6: COMPOSIÇÃO Nº. 002
A9: CHUMBAMENTO EM PISO PARA TUBO DE AÇO COM SEÇÃO REDONDA OU QUADRADA, DIMENSÃO DA SEÇÃO TRANSVERSAL DE ATÉ 4" (100MM), EM CONCRETO NÃO ESTRUTURAL, PREPARADO EM OBRA COM BETONEIRA, COM FCK 15MPA, INCLUSIVE ESCAVAÇÃO E TRANSPORTE COM RETIRADA DO MATERIAL ESCAVADO (EM CAÇAMBA)
A11: UNIDADE: M (Metro linear) | E11: DATA: 10/11/2025
A13: (A) Equipamento | B13: Código | C13: Ut. Pr. | D13: Ut. Impr | E13: Vl. Hr. Prod | F13: Vl. Hr Imp. | G13: Consumo | H13: Custo Horário
F14: (A) Total: | G14: 0
A16: (B) Mão-de-obra | C16: Código | D16: Eq. Salarial | E16: Sal/Hora | F16: Encargos (%) | G16: Consumo | H16: Custo Horário
F17: (B) Total: | G17: 0
A19: (C) Itens de Incidência | C19: Código | D19: % | E19: M.O. | F19: Equip. | G19: Mat. | H19: Custo
F20: (C) Total: | G20: 0
A22: Custo Horário da Execução (A) + (B) + (C) | G22: =SUM(G17+G20) -> 0
A23: (D) Produção da Equipe | G23: 1
A24: (E) Custo Unitário da Execução [(A) + (B) + (C)] / (D) | G24: =G22 -> 0
A26: (F) Materiais | C26: Código | D26: Unid. | E26: Consumo | F26: Custo Unitário | H26: Custo Geral
F27: (F) Total: | G27: =G25 -> 0
A29: (G) Serviços | C29: Código | D29: Unid. | E29: Consumo | F29: Custo Unitário | H29: Custo Geral
A30: ESCAVAÇÃO MANUAL DE TERRA (DESATERRO MANUAL), INCLUSIVE DESCARGA LATERAL, EXCLUSIVE RETIRADA E TRANSPORTE DO MATERIAL ESCAVADO | C30: ED-51110 SEINFRA | D30: M³ | E30: =ROUND(0.3*0.3*1,2) -> 0.09 | F30: 45.28 | H30: =ROUND((E30*F30),2) -> 4.08
A31: TRANSPORTE DE MATERIAL DEMOLIDO EM CAÇAMBA, EXCLUSIVE CARGA MANUAL OU MECÂNICA | C31: ED-51125 SEINFRA | D31: M³ | E31: =E30 -> 0.09 | F31: 83 | H31: =ROUND((E31*F31),2) -> 7.47
A32: FORNECIMENTO DE CONCRETO NÃO ESTRUTURAL, PREPARADO EM OBRA COM BETONEIRA, COM FCK 15MPA, INCLUSIVE LANÇAMENTO, ADENSAMENTO E ACABAMENTO | C32: ED-49616 SEINFRA | D32: M³ | E32: =E30 -> 0.09 | F32: 744.52 | H32: =ROUND((E32*F32),2) -> 67.01
F33: (G) Total: | G33: =SUM(H30:H32) -> 78.56
A35: (H) Itens de Transporte | B35: Código | C35: Unid. | D35: Fórmula | E35: X1 X2 X3 | F35: Consumo | G35: Custo | H35: Custo Geral
F36: (H) Total: | G36: =SUM(H34:H35) -> 0
A38: Custo Direto Total (E) + (F) + (G) + (H): | G38: =SUM(G24+G27+G33+G36) -> 78.56
A40: Flávio L. Greco S.
A41: Eng.º Civil - CREA-MG 64.880/D
